 Dungeon Sprint DCSS version 0.25.0-46-gbd7b0854d2 (webtiles) character file.

Game seed: 11162888043799834602

357 MordorOrchid the Magician (level 6, -2/49 HPs)
             Began as a Gnoll Venom Mage on July 17, 2020.
             Was a Follower of Sif Muna.
             Slain by a two-headed ogre
             ... wielding a +0 giant club
              (20 damage)
             ... in the Dungeon (Sprint IX: "|||||||||||||||||||||||||||||").
             The game lasted 00:04:14 (215 turns).

MordorOrchid the Magician (Gnoll Venom Mage)         Turns: 215, Time: 00:04:15

Health: -2/49      AC:  5    Str: 10    XL:     6   Next: 64%
Magic:  8/15       EV: 17    Int: 19    God:    Sif Muna [*.....]
Gold:   0          SH:  0    Dex: 19    Spells: 5/18 levels left

rFire    . . .     SeeInvis .   y - +2 rapier (protect)
rCold    . . .     Gourm    .   (no shield)
rNeg     . . .     Faith    .   q - +0 robe
rPois    .         Spirit   .   (no helmet)
rElec    .         Reflect  .   (no cloak)
rCorr    .         Harm     .   (no gloves)
MR       .....     NoTele   +   o - +0 pair of boots
Stlth    ++++......             (no amulet)
HPRegen  0.16/turn              s - +2 ring of protection
MPRegen  0.14/turn              t - +3 ring of dexterity

@: very slightly contaminated, invisible
A: distributed training, fangs 1, strong nose
a: Channel Magic, Renounce Religion


You were in the Dungeon.
You worshipped Sif Muna.
Sif Muna was aware of your devotion.
You were not hungry.

You visited 1 branch

Inventory:

Hand Weapons
 a - a +2 scimitar of holy wrath
 n - the +1 broad axe "Uvey" {freeze, Str+3}
   (You found it in the Dungeon)

   It has been specially enchanted to freeze those struck by it, causing extra
   injury to most foes and up to half again as much damage against particularly
   susceptible opponents.
   It can also slow down cold-blooded creatures.
   It affects your strength (+3).
 p - the +2 halberd of the Glowing Visionary {freeze, MR+ Str+4}
   (You found it in the Dungeon)

   It has been specially enchanted to freeze those struck by it, causing extra
   injury to most foes and up to half again as much damage against particularly
   susceptible opponents.
   It can also slow down cold-blooded creatures.
   It affects your strength (+4).
   It affects your resistance to hostile enchantments.
 y - a +2 rapier of protection (weapon)
 O - the +6 Majin-Bo {vamp, Archmagi MP+6 Int+6}
   (You found it in the Dungeon)

   It inflicts no extra harm, but heals its wielder when it wounds a living foe.
   It affects your intelligence (+6).
   It affects your magic capacity (+6).
Armour
 o - a +0 pair of boots (worn)
 q - a +0 robe (worn)
 r - a +1 chain mail
Magical Staves
 x - an uncursed staff of energy
Jewellery
 s - a +2 ring of protection (left hand)
 t - a +3 ring of dexterity (right hand)
Wands
 l - a wand of iceblast (10)
Scrolls
 i - 2 scrolls of blinking
 j - 3 scrolls of remove curse
 k - 2 scrolls of amnesia
Potions
 d - 5 potions of curing
 e - 3 potions of heal wounds
 g - 4 potions of magic
Comestibles
 c - a ration
 f - 7 chunks of flesh


   Skills:
 + Level 4.6 Fighting
 + Level 4.6 Short Blades
 + Level 4.6 Long Blades
 + Level 4.6 Axes
 + Level 4.6 Maces & Flails
 + Level 4.6 Polearms
 + Level 4.6 Staves
 + Level 4.6 Slings
 + Level 4.6 Bows
 + Level 4.6 Crossbows
 + Level 4.6 Throwing
 + Level 4.6 Armour
 + Level 6.6 Dodging
 + Level 6.3 Stealth
 + Level 4.6 Shields
 + Level 4.6 Unarmed Combat
 + Level 6.9 Spellcasting
 + Level 3.8 Conjurations
 + Level 3.8 Hexes
 + Level 3.8 Charms
 + Level 3.8 Summonings
 + Level 3.8 Necromancy
 + Level 3.8 Translocations
 + Level 4.4 Transmutations
 + Level 3.8 Fire Magic
 + Level 3.8 Ice Magic
 + Level 3.8 Air Magic
 + Level 3.8 Earth Magic
 + Level 6.7 Poison Magic
 + Level 5.1 Invocations
 + Level 4.6 Evocations


You had 5 spell levels left.
You knew the following spells:

 Your Spells              Type           Power        Failure   Level  Hunger
a - Sting                 Tmut/Pois      ####         1%          1    None
b - Olgreb's Toxic Radia  Pois           ####....     6%          4    ###....
d - Ignite Poison         Fire/Tmut/Pois ####....     3%          3    #......
g - Mephitic Cloud        Conj/Pois/Air  ###.....     4%          3    #......
p - Poisonous Vapours     Pois/Air       ####..       1%          2    None

Your spell library contained the following spells:

 Spells                   Type           Power        Failure   Level  Hunger


Dungeon Overview and Level Annotations

Branches:
Dungeon (1/1)

Altars:
Cheibriados
Dithmenos
Elyvilon
Fedhas
Gozag
Hepliaklqana
Kikubaaqudgha
Makhleb
Nemelex Xobeh
Okawaru
Qazlal
Ru
Sif Muna
Trog
Uskayaw
Vehumet
Wu Jian
Xom
Yredelemnul
Zin
The Shining One
Beogh
Jiyva
Lugonu


Innate Abilities, Weirdness & Mutations

Your experience applies equally to all skills.
You have very sharp teeth.
Your uncanny sense of smell can sniff out nearby items.


Message History

You see here a +0 dagger.
You kill the worker ant!
Sif Muna accepts your kill.
Casting: Mephitic Cloud (dangerous; 4% risk of failure)
Confirm with . or Enter, or press ? or * to list all spells.
You ignite the poison in your surroundings!
The two-headed ogre seems to burn from within!!
The two-headed ogre is severely wounded.
The two-headed ogre seems to burn from within!!!
The two-headed ogre is almost dead.
The scorpion seems to burn from within!!
You kill the scorpion!
Sif Muna accepts your kill.
You can now call upon Sif Muna for magical energy.
Your Invocations skill increases to level 5!
The gnoll seems to burn from within!!
You kill the gnoll!
Sif Muna accepts your kill.
The two-headed ogre hits you with a +0 giant club!!
You die...

▓▓▓▓▓▓▓▓▓▓▓▓▓▓▓▓▓▓▓▓▓▓▓▓▓▓▓
+..).†.O)O@.[)...'_________
▓▓▓▓▓▓▓▓▓▓▓▓▓▓▓▓▓▓▓▓▓▓▓▓▓▓▓
∆∆ ∆ ∆∆∆∆


You could see 2 two-headed ogres.

Vanquished Creatures
  A sky beast (D)
  An ogre (D)
  A scorpion (D)
  A crimson imp (D)
  A hound (D)
  2 worker ants (D)
  A gnoll (D)
  A dart slug (D)
  A giant cockroach (D)
  A goblin (D)
  2 jackals (D)
  A rat (D)
14 creatures vanquished.

Notes
Turn   | Place    | Note
-------+----------+-------------------------------------------
     0 | D        | MordorOrchid the Gnoll Venom Mage began the quest for the
                  | Orb.
     0 | D        | Reached XP level 1. HP: 13/13 MP: 6/6
    15 | D        | Reached skill level 5 in Spellcasting
    15 | D        | Reached skill level 1 in Invocations
    17 | D        | Reached skill level 1 in Fighting
    17 | D        | Reached skill level 1 in Short Blades
    17 | D        | Reached skill level 1 in Long Blades
    17 | D        | Reached skill level 1 in Axes
    17 | D        | Reached skill level 1 in Maces & Flails
    17 | D        | Reached skill level 1 in Polearms
    17 | D        | Reached skill level 1 in Staves
    17 | D        | Reached skill level 1 in Slings
    17 | D        | Reached skill level 1 in Bows
    17 | D        | Reached skill level 1 in Crossbows
    17 | D        | Reached skill level 1 in Throwing
    17 | D        | Reached skill level 1 in Armour
    17 | D        | Reached skill level 1 in Shields
    17 | D        | Reached skill level 1 in Unarmed Combat
    17 | D        | Reached skill level 1 in Evocations
    22 | D        | Reached XP level 2. HP: 16/21 MP: 0/8
    83 | D        | Learned a level 2 spell: Poisonous Vapours
    83 | D        | Noticed a crimson imp
    83 | D        | Noticed an ogre
    83 | D        | Noticed a sky beast
    95 | D        | Killed a sky beast
    95 | D        | Reached skill level 5 in Dodging
    95 | D        | Reached skill level 5 in Stealth
    95 | D        | Reached XP level 3. HP: 23/28 MP: 0/10
    95 | D        | Reached XP level 4. HP: 28/34 MP: 0/11
   100 | D        | Reached XP level 5. HP: 41/41 MP: 0/13
   104 | D        | Killed an ogre
   108 | D        | Reached XP level 6. HP: 48/48 MP: 0/15
   139 | D        | Found a roughly hewn altar of Beogh.
   139 | D        | Found a snail-covered altar of Cheibriados.
   139 | D        | Found a shadowy altar of Dithmenos.
   139 | D        | Found a white marble altar of Elyvilon.
   139 | D        | Found a blossoming altar of Fedhas.
   139 | D        | Found an opulent altar of Gozag.
   140 | D        | Found a hazy altar of Hepliaklqana.
   141 | D        | Found a viscous altar of Jiyva.
   142 | D        | Found an ancient bone altar of Kikubaaqudgha.
   143 | D        | Found a corrupted altar of Lugonu.
   144 | D        | Found a burning altar of Makhleb.
   145 | D        | Found a sparkling altar of Nemelex Xobeh.
   146 | D        | Found an iron altar of Okawaru.
   147 | D        | Found a stormy altar of Qazlal.
   148 | D        | Found a sacrificial altar of Ru.
   149 | D        | Found a shimmering blue altar of Sif Muna.
   150 | D        | Found a bloodstained altar of Trog.
   151 | D        | Found a hide-covered altar of Uskayaw.
   152 | D        | Found a radiant altar of Vehumet.
   153 | D        | Found an ornate altar of the Wu Jian Council.
   154 | D        | Found a shimmering altar of Xom.
   155 | D        | Found a basalt altar of Yredelemnul.
   156 | D        | Found a glowing silver altar of Zin.
   157 | D        | Became a worshipper of Sif Muna the Loreminder
   158 | D        | Found a glowing golden altar of the Shining One.
   176 | D        | Found the +6 Majin-Bo {vamp, Archmagi MP+6 Int+6}
   176 | D        | Got the +1 broad axe "Uvey" {freeze, Str+3}
   176 | D        | Got the +2 halberd of the Glowing Visionary {freeze, MR+
                  | Str+4}
   198 | D        | Learned a level 4 spell: Olgreb's Toxic Radiance
   202 | D        | Learned a level 3 spell: Ignite Poison
   206 | D        | Learned a level 3 spell: Mephitic Cloud
   209 | D        | Noticed a two-headed ogre
   209 | D        | Noticed a two-headed ogre
   215 | D        | Reached * piety under Sif Muna
   215 | D        | Reached skill level 5 in Invocations
   215 | D        | Slain by a two-headed ogre

Illustrated notes

Levels and vault maps discovered:
D:        linesprint [early_d, line_temple, items_1, d_10, items_2, lair_1,
          lair_end, items_3, orc_1, orc_end, items_4, d_15, swamp_1, shoals_1,
          snake_1, spider_1, d_20, vaults_1, items_5, swamp_end, shoals_end,
          snake_end, spider_end, vaults_end, d_27, items_6, zot_1, zot_end,
          crypt_end, forest_end, elf_end, slime_end, tomb_end, abyss_end,
          pan_hell_end]

Skill      XL: |  1  2  3  4  5  6 |
---------------+-------------------+-----
Transmutations | 2 3 4 |  4.4
Spellcasting   | 5 6 |  6.9
Invocations    | 1 3 4 5 |  5.1
Fighting       | 1 2 3 4 |  4.6
Short Blades   | 1 2 3 4 |  4.6
Long Blades    | 1 2 3 4 |  4.6
Axes           | 1 2 3 4 |  4.6
Maces & Flails | 1 2 3 4 |  4.6
Polearms       | 1 2 3 4 |  4.6
Staves         | 1 2 3 4 |  4.6
Slings         | 1 2 3 4 |  4.6
Bows           | 1 2 3 4 |  4.6
Crossbows      | 1 2 3 4 |  4.6
Throwing       | 1 2 3 4 |  4.6
Armour         | 1 2 3 4 |  4.6
Shields        | 1 2 3 4 |  4.6
Unarmed Combat | 1 2 3 4 |  4.6
Evocations     | 1 2 3 4 |  4.6
Dodging        | 5 6 |  6.6
Stealth        | 5 6 |  6.3
Conjurations   | 2 3 |  3.8
Hexes          | 2 3 |  3.8
Charms         | 2 3 |  3.8
Summonings     | 2 3 |  3.8
Necromancy     | 2 3 |  3.8
Translocations | 2 3 |  3.8
Fire Magic     | 2 3 |  3.8
Ice Magic      | 2 3 |  3.8
Air Magic      | 2 3 |  3.8
Earth Magic    | 2 3 |  3.8
Poison Magic   | 6 |  6.7

Action                   |  1- 3 |  4- 6 || total
-------------------------+-------+-------++-------
Melee: Unarmed           |     7 |       ||     7
       Bite              |     1 |     2 ||     3
       Dagger            |     1 |    14 ||    15
       Punch             |       |     1 ||     1
 Cast: Sting             |    11 |     1 ||    12
       Poisonous Vapours |     2 |       ||     2
       Olgreb's Toxic Ra |       |     1 ||     1
       Ignite Poison     |       |     1 ||     1
  Use: Potion            |     1 |     2 ||     3
 Stab: Sleeping          |     1 |       ||     1
Armor: Robe              |     1 |     2 ||     3
Dodge: Dodged            |    13 |     5 ||    18
